[Event "Titled Tuesday Blitz April 25 Early 2023"]
[White "Bilan, Danila"]
[Black "Szente Varga, Fruzsina"]
[WhiteFideId "24161918"]
[BlackFideId "712264"]
[WhiteElo "2182"]
[BlackElo "1994"]
[Result "1-0"]
[Round "04"]
[TimeControl "180+2"]
[Date "2023.04.25"]
[WhiteClock "0:00:09"]
[BlackClock "0:00:07"]

1. d4 Nf6 2. Nf3 g6 3. Bg5 Bg7 4. c3 d5 5. Nbd2 O-O 6. e3 Ne4 7. Nxe4 dxe4 8. Nd2 f5 9. Bc4+ Kh8 10. h4 Qd6 11. h5 e5 12. Qe2 b5 13. Bxb5 exd4 14. cxd4 Kg8 15. Bc4+ Be6 16. hxg6 hxg6 17. Rc1 Rf7 18. Bf4 Qb6 19. d5 Bd7 20. d6 cxd6 21. Bxf7+ Kxf7 22. Nc4 Qb4+ 23. Qd2 Qxd2+ 24. Kxd2 d5 25. Ne5+ Kf6 26. Rc7 Be6 27. Rh7 Bf8 28. Rxa7 Bb4+ 29. Kc1 Rxa7 30. Rxa7 g5 31. Bh2 Bd6 32. Ng4+ fxg4 33. Bxd6 Nd7 34. a4 Ne5 35. Bxe5+ Kxe5 36. a5 g3 37. fxg3 d4 38. exd4+ Kxd4 39. Kd2 e3+ 40. Ke1 Kc5 41. Re7 1-0


[Site "https://www.chess.com"]

[Event "Titled Tuesday Blitz April 25 Early 2023"]
[White "Degtiarev, Evgeny"]
[Black "Pauly, Carlo"]
[WhiteFideId "4149610"]
[BlackFideId "24673269"]
[WhiteElo "2284"]
[BlackElo "2254"]
[Result "0-1"]
[Round "04"]
[TimeControl "180+2"]
[Date "2023.04.25"]
[WhiteClock "0:00:07"]
[BlackClock "0:00:15"]

1. d4 Nf6 2. c4 g6 3. Nc3 Bg7 4. e4 d6 5. h3 O-O 6. Nf3 e5 7. d5 Nh5 8. Be3 a5 9. c5 Na6 10. cxd6 cxd6 11. Rc1 Bd7 12. Nd2 Qe8 13. Nc4 Qe7 14. Nb6 Rab8 15. Qb3 f5 16. Nxd7 Qxd7 17. exf5 gxf5 18. Bb6 e4 19. Be2 Nf4 20. g3 Nxe2 21. Nxe2 a4 22. Qe3 Nb4 23. Rc7 Nd3+ 24. Qxd3 Qxc7 25. Bxc7 exd3 26. Bxb8 Rxb8 27. Nf4 Bxb2 28. Nxd3 Bc3+ 29. Ke2 b5 30. g4 Kf7 31. gxf5 Kf6 32. Rg1 b4 33. Rg4 b3 34. axb3 axb3 35. Rh4 b2 36. Nxb2 Rxb2+ 37. Kd3 Be5 38. f4 Rb3+ 39. Ke4 Ba1 40. Rh6+ Kg7 41. Rxd6 Rb4+ 42. Kf3 h6 43. Kg4 Be5 44. Rd7+ Kf6 45. Kh5 Bxf4 46. Ra7 Bg5 47. d6 Rh4# 0-1


[Site "https://www.chess.com"]

[Event "Titled Tuesday Blitz April 25 Early 2023"]
[White "Manon-og, Ramon Jr."]
[Black "Tokman, Ariel"]
[WhiteFideId "5200776"]
[BlackFideId "117420"]
[WhiteElo "2337"]
[BlackElo "2263"]
[Result "1-0"]
[Round "04"]
[TimeControl "180+2"]
[Date "2023.04.25"]
[WhiteClock "0:01:29"]
[BlackClock "0:00:01"]

1. e4 e5 2. Nf3 Nc6 3. Bc4 Nf6 4. Ng5 d5 5. exd5 Na5 6. Bb5+ c6 7. dxc6 bxc6 8. Bd3 h6 9. Ne4 Nxe4 10. Bxe4 Bd6 11. O-O O-O 12. Nc3 f5 13. Bf3 e4 14. Bh5 c5 15. d3 Bb7 16. dxe4 fxe4 17. Be3 Nc4 18. Bg4 Qf6 19. Nb5 Be5 20. Bxc5 Rfd8 21. Qe2 Nd2 22. Rfd1 Nf3+ 23. gxf3 Qf4 24. Kf1 Qxh2 25. Ke1 exf3 26. Bxf3 Re8 27. Be3 Qh4 28. Bxb7 Rab8 29. Bd5+ Kh8 30. Nd4 Qh2 31. Nc6 Rxb2 32. Nxe5 1-0


[Site "https://www.chess.com"]

[Event "Titled Tuesday Blitz April 25 Early 2023"]
[White "Stalri"]
[Black "Dushyant Sharma"]
[BlackFideId "25065130"]
[WhiteElo "2337"]
[BlackElo "2198"]
[Result "0-1"]
[Round "04"]
[TimeControl "180+2"]
[Date "2023.04.25"]
[WhiteClock "0:01:28"]
[BlackClock "0:00:58"]

1. d4 d5 2. c4 e6 3. Nc3 c6 4. e3 f5 5. Nf3 Bd6 6. Bd3 Nf6 7. O-O O-O 8. b3 Ne4 9. Qc2 Qe7 10. Nd2 Nd7 11. f3 Qh4 12. f4 b6 13. Nf3 Qh5 14. Ne5 Nxe5 15. dxe5 Bc5 16. Bxe4 fxe4 17. Ne2 Ba6 18. Nd4 Bxd4 19. exd4 c5 20. Be3 Rad8 21. Rfd1 dxc4 22. Qxe4 Rd5 23. bxc4 Bxc4 24. Rdc1 cxd4 25. Bxd4 b5 26. a4 Rfd8 27. Bxa7 Rd1+ 28. Rxd1 Rxd1+ 29. Rxd1 Qxd1+ 30. Kf2 Qd2+ 31. Kg3 Bd5 32. Qe3 Qxg2+ 33. Kh4 Qxh2+ 34. Kg4 h5+ 35. Kg5 Qg2+ 36. Kxh5 Bf3+ 0-1


[Site "https://www.chess.com"]

[Event "Titled Tuesday Blitz April 25 Early 2023"]
[White "Girsh, Daniel"]
[Black "Rychkov, Roman"]
[WhiteFideId "30949190"]
[BlackFideId "30985595"]
[WhiteElo "2075"]
[BlackElo "1946"]
[Result "0-1"]
[Round "04"]
[TimeControl "180+2"]
[Date "2023.04.25"]
[WhiteClock "0:00:06"]
[BlackClock "0:00:08"]

1. Nf3 Nf6 2. g3 b6 3. Bg2 Bb7 4. O-O e6 5. c4 Be7 6. d4 O-O 7. d5 exd5 8. Nh4 c6 9. cxd5 Nxd5 10. Nf5 Bf6 11. e4 Ne7 12. Nd6 Ba6 13. Re1 Ng6 14. Nc3 Bxc3 15. bxc3 c5 16. f4 Nc6 17. Qa4 Qc7 18. e5 Bb7 19. Be3 Nd8 20. Nxb7 Nxb7 21. Rad1 Rfd8 22. Qa6 Rab8 23. Qxa7 Ne7 24. Qa4 d5 25. exd6 Nxd6 26. Bf2 Ng6 27. Qc2 c4 28. f5 Nf8 29. f6 gxf6 30. Bd4 Ne8 31. Qf2 Rd6 32. Rb1 Ng6 33. Rb5 Kg7 34. h4 h5 35. Rxh5 Rbd8 36. Qd2 Rxd4 37. Qh6+ Kg8 38. cxd4 c3 39. Kh2 c2 40. Be4 Ng7 41. Bxg6 fxg6 42. Qxg6 c1=Q 43. Qh7+ Kf7 44. Rxc1 Qxc1 45. Rb5 Qd2+ 46. Kh3 Qxd4 47. Qb1 Qd7+ 48. Kh2 Qd2+ 49. Kh3 Qd7+ 50. Kh2 Rb8 51. Rb3 Ne6 52. Rc3 Qe7 53. Re3 f5 54. Qb3 Qf6 55. Rf3 b5 56. Qd5 Rd8 57. Qxb5 Rd2+ 58. Kh3 Ng5+ 59. hxg5 Qh8# 0-1


[Site "https://www.chess.com"]

[Event "Titled Tuesday Blitz April 25 Early 2023"]
[White "Arencibia Monduy, Antonio"]
[Black "Rodrigues, Adriano"]
[WhiteFideId "3507939"]
[BlackFideId "2100908"]
[WhiteElo "2501"]
[BlackElo "2333"]
[Result "1-0"]
[Round "04"]
[TimeControl "180+2"]
[Date "2023.04.25"]
[WhiteClock "0:01:44"]
[BlackClock "0:00:55"]

1. e4 e5 2. Bc4 Nf6 3. d3 c6 4. Nf3 Be7 5. O-O d6 6. Bb3 a5 7. c3 O-O 8. Re1 b5 9. a4 b4 10. Nbd2 Na6 11. d4 Qc7 12. Nf1 c5 13. dxe5 dxe5 14. Bc4 Bb7 15. Ng3 Rad8 16. Qe2 Nb8 17. Bg5 1-0


[Site "https://www.chess.com"]

[Event "Titled Tuesday Blitz April 25 Early 2023"]
[White "Itkis, Boris"]
[Black "Escanor89"]
[WhiteFideId "1209167"]
[WhiteElo "2216"]
[BlackElo "2500"]
[Result "0-1"]
[Round "04"]
[TimeControl "180+2"]
[Date "2023.04.25"]
[WhiteClock "0:00:11"]
[BlackClock "0:00:34"]

1. c4 Nf6 2. Nf3 e6 3. g3 d5 4. Bg2 Be7 5. O-O O-O 6. b3 a5 7. Bb2 c6 8. e3 Nbd7 9. Qe2 a4 10. Ne1 axb3 11. axb3 Rxa1 12. Bxa1 Qa5 13. Bc3 Qa2 14. Qd1 Nc5 15. b4 Na4 16. Bxf6 Bxf6 17. c5 e5 18. f4 e4 19. d3 exd3 20. Qxd3 Qb2 21. Nc2 g6 22. Nd2 Bf5 23. e4 dxe4 24. Bxe4 Rd8 25. Nc4 Rxd3 26. Nxb2 Bxe4 27. Nxa4 Rd2 28. Ne3 Bd4 29. Re1 Rg2+ 30. Kf1 Rxh2 31. Nb6 Rh1+ 32. Ke2 Rxe1+ 33. Kxe1 Bxe3 0-1


[Site "https://www.chess.com"]

[Event "Titled Tuesday Blitz April 25 Early 2023"]
[White "Allahverdiyeva, Ayan"]
[Black "Devaev, Alexander"]
[WhiteFideId "13412590"]
[BlackFideId "4169395"]
[WhiteElo "1980"]
[BlackElo "2204"]
[Result "0-1"]
[Round "04"]
[TimeControl "180+2"]
[Date "2023.04.25"]
[WhiteClock "0:00:05"]
[BlackClock "0:00:18"]

1. e4 c6 2. d4 d5 3. e5 Bf5 4. h4 Qb6 5. g4 Bd7 6. Nc3 e6 7. Na4 Qc7 8. Be3 b6 9. f4 h5 10. gxh5 Nh6 11. Bh3 c5 12. c3 Nc6 13. Nf3 c4 14. b3 Ne7 15. Qd2 Nef5 16. Bf2 Be7 17. Rg1 Rc8 18. Bf1 O-O 19. Rc1 Qd8 20. Nb2 b5 21. Ng5 a5 22. bxc4 bxc4 23. Bh3 Rb8 24. Ke2 Ba3 25. Rb1 Qb6 0-1


[Site "https://www.chess.com"]

[Event "Titled Tuesday Blitz April 25 Early 2023"]
[White "Ljukin, Sergei"]
[Black "Inepton_Fermion"]
[WhiteFideId "14102200"]
[WhiteElo "2312"]
[BlackElo "2329"]
[Result "0-1"]
[Round "04"]
[TimeControl "180+2"]
[Date "2023.04.25"]
[WhiteClock "0:00:02"]
[BlackClock "0:00:11"]

1. e4 g6 2. d4 Bg7 3. Nc3 d5 4. Nxd5 c6 5. Ne3 Qxd4 6. Qxd4 Bxd4 7. a4 Be6 8. Nf3 Bg7 9. Ng5 Bd7 10. Bc4 e6 11. f4 c5 12. e5 Bc6 13. Bb5 a6 14. Bxc6+ Nxc6 15. Ne4 b6 16. Nd6+ Ke7 17. Nec4 Rb8 18. Be3 Nh6 19. a5 b5 20. Nb6 Nd4 21. O-O-O Nhf5 22. Bf2 Rhd8 23. b4 Nxd6 24. exd6+ Rxd6 25. bxc5 Ne2+ 26. Kb1 Nc3+ 27. Kc1 Na2+ 28. Kb1 Nc3+ 29. Kc1 Rxd1+ 30. Rxd1 Nxd1 31. Kxd1 Bc3 32. f5 Bxa5 33. f6+ Ke8 34. Bg3 Rb7 35. Nc8 Bc7 0-1


[Site "https://www.chess.com"]

[Event "Titled Tuesday Blitz April 25 Early 2023"]
[White "Todorovic, Bojan"]
[Black "Goltseva, Ekaterina"]
[WhiteFideId "917087"]
[BlackFideId "24173770"]
[WhiteElo "2266"]
[BlackElo "2200"]
[Result "0-1"]
[Round "04"]
[TimeControl "180+2"]
[Date "2023.04.25"]
[WhiteClock "0:00:02"]
[BlackClock "0:00:02"]

1. Nf3 d5 2. g3 Nf6 3. Bg2 Nbd7 4. c4 dxc4 5. Qa4 a6 6. Qxc4 b5 7. Qc2 Bb7 8. O-O e6 9. b3 c5 10. Bb2 Be7 11. d3 Rc8 12. Nbd2 O-O 13. Rac1 Qb6 14. Rfd1 Qa7 15. e3 Qa8 16. e4 Rfd8 17. Qb1 Nb8 18. Ne5 Ne8 19. Ndf3 f6 20. Ng4 f5 21. Ne3 fxe4 22. Ne5 exd3 23. Bh3 Nc7 24. Rxd3 Be4 25. Rxd8+ Rxd8 26. Qa1 Bf6 27. N5g4 Bxb2 28. Qxb2 Nd7 29. Ne5 Nf8 30. Rxc5 Nd5 31. Nf1 Qa7 32. b4 Nf6 33. Nd2 Bd5 34. Qd4 Qe7 35. Qe3 Qb7 36. a3 Rc8 37. Bf1 Rc7 38. Qd4 N8d7 39. Rxc7 Qxc7 40. Nxd7 Qxd7 41. Bg2 Qd6 42. Bxd5 exd5 43. Kg2 h6 44. Nf3 Qe6 45. Ne5 Ne4 46. Nd3 Qf5 47. Nf4 Nf6 48. Qc5 Qe4+ 49. Kg1 Qe1+ 50. Kg2 Qa1 51. Qd4 Qxd4 0-1


[Site "https://www.chess.com"]

[Event "Titled Tuesday Blitz April 25 Early 2023"]
[White "Prudnykova, Olga"]
[Black "Korelskiy, Egor"]
[WhiteFideId "14121093"]
[BlackFideId "34329064"]
[WhiteElo "2113"]
[BlackElo "2186"]
[Result "1-0"]
[Round "04"]
[TimeControl "180+2"]
[Date "2023.04.25"]
[WhiteClock "0:00:03"]
[BlackClock "0:00:01"]

1. e4 c5 2. Nf3 e6 3. Nc3 a6 4. d4 cxd4 5. Nxd4 Qc7 6. Qf3 Nf6 7. Bg5 Be7 8. O-O-O d6 9. g4 Nbd7 10. Rg1 h6 11. Be3 Ne5 12. Qh3 b5 13. g5 Nfd7 14. f4 Ng6 15. f5 hxg5 16. Qg3 exf5 17. exf5 Nge5 18. Nd5 Qd8 19. Nxe7 Qxe7 20. Bxg5 Nf6 21. Bf4 Bb7 22. Bxe5 dxe5 23. Re1 Ne4 24. Qxg7 O-O-O 25. Nb3 Rxh2 26. Bd3 Nf6 27. Qg3 Rhh8 28. Qxe5 Qxe5 29. Rxe5 Rhg8 30. Rxg8 Rxg8 31. Re7 Rg1+ 32. Kd2 Rg2+ 33. Ke1 Bd5 34. Nc5 Ng4 35. Nxa6 Rg1+ 36. Ke2 Rg2+ 37. Kf1 Nh2+ 38. Ke1 Nf3+ 39. Kd1 Rd2+ 40. Kc1 Rg2 41. b3 Nd4 42. Re5 Rg1+ 43. Kb2 Bb7 44. Nc5 Bc6 45. Ne4 Nf3 46. Re7 f6 47. Rf7 Ne5 48. Rxf6 Rg2 49. Kc3 b4+ 50. Kd4 Nf3+ 51. Kc5 Bb7 52. Rf8+ Kd7 53. Rf7+ Kc8 54. Nd6+ Kd8 55. Rxb7 Ne5 56. Bc4 Nd7+ 57. Kc6 Rd2 58. Rxd7# 1-0


[Site "https://www.chess.com"]

[Event "Titled Tuesday Blitz April 25 Early 2023"]
[White "Begunov, Konstantin"]
[Black "Zaichenko, Daria"]
[WhiteFideId "4118510"]
[BlackFideId "4197453"]
[WhiteElo "2087"]
[BlackElo "2039"]
[Result "1-0"]
[Round "04"]
[TimeControl "180+2"]
[Date "2023.04.25"]
[WhiteClock "0:00:25"]
[BlackClock "0:00:47"]

1. d4 d5 2. c4 e6 3. Nc3 Be7 4. Nf3 Nf6 5. cxd5 exd5 6. Bg5 h6 7. Bh4 c6 8. Qc2 Ne4 9. Bxe7 Qxe7 10. Nxd5 cxd5 11. Qxc8+ Qd8 12. Qxd8+ Kxd8 13. Ne5 Ke7 14. f3 Nd6 15. Rc1 Na6 16. e3 Rhc8 17. Kd2 Rxc1 18. Kxc1 Rc8+ 19. Kd2 Nb4 20. a3 Nc6 21. Nxc6+ bxc6 22. b4 Ra8 23. Ba6 Rb8 24. Rc1 Kd7 25. Bd3 Ra8 26. Ba6 Rb8 27. Rc5 Rb6 28. Ra5 Kc7 29. Bd3 Kb8 30. Rc5 Nb7 31. Rc1 a5 32. Rb1 axb4 33. Rxb4 Rxb4 34. axb4 Nd6 35. e4 dxe4 36. fxe4 Kc7 37. e5 Nc8 38. Ke3 Ne7 39. Be4 Nd5+ 40. Bxd5 cxd5 41. Kd3 Kb6 42. Kc3 Kb5 43. Kb3 g6 44. g4 h5 45. gxh5 gxh5 46. h4 Kb6 47. Ka4 Ka6 48. b5+ Kb6 49. Kb4 Kc7 50. Kc5 Kb7 51. Kxd5 Kb6 52. Kc4 1-0


[Site "https://www.chess.com"]

[Event "Titled Tuesday Blitz April 25 Early 2023"]
[White "Chabris, Christopher"]
[Black "Toncheva, Nadya"]
[WhiteFideId "2005263"]
[BlackFideId "2924056"]
[WhiteElo "2310"]
[BlackElo "2101"]
[Result "1-0"]
[Round "04"]
[TimeControl "180+2"]
[Date "2023.04.25"]
[WhiteClock "0:01:38"]
[BlackClock "0:01:01"]

1. e4 c5 2. Nf3 Nc6 3. Bb5 e6 4. Bxc6 bxc6 5. d3 Ne7 6. h4 Qc7 7. h5 e5 8. h6 g6 9. Bg5 d6 10. Bf6 Rg8 11. Ng5 d5 12. Qf3 Be6 13. Nxh7 O-O-O 14. Ng5 dxe4 15. dxe4 Bxh6 16. Rxh6 Qd7 17. Nc3 Bg4 18. Qd3 Qb7 19. Qg3 Qxb2 20. Qxg4+ Kc7 21. Bxe5+ 1-0


[Site "https://www.chess.com"]

[Event "Titled Tuesday Blitz April 25 Early 2023"]
[White "Garcia Almaguer, Juan Manuel"]
[Black "Ardila, Oscar Humberto"]
[WhiteFideId "5110491"]
[BlackFideId "4404742"]
[WhiteElo "2117"]
[BlackElo "1918"]
[Result "0-1"]
[Round "04"]
[TimeControl "180+2"]
[Date "2023.04.25"]
[WhiteClock "0:00:04"]
[BlackClock "0:00:10"]

1. e4 e5 2. Nf3 Nf6 3. d3 Nc6 4. g3 g6 5. Bg2 Bg7 6. O-O O-O 7. c4 d6 8. h3 Nh5 9. Nh4 Nd4 10. Be3 c5 11. Nd2 Bd7 12. a3 b5 13. b4 a5 14. bxc5 dxc5 15. Kh2 b4 16. a4 Qc7 17. Nb3 Nxb3 18. Qxb3 Rad8 19. Bf3 Nf6 20. Be2 Be6 21. Ng2 Qc8 22. g4 h5 23. f3 hxg4 24. hxg4 Bxg4 25. fxg4 Nxg4+ 26. Kg3 Nxe3 27. Nxe3 Bh6 28. Nd5 Bf4+ 29. Rxf4 exf4+ 30. Kxf4 Qh3 31. Bg4 Qh2+ 32. Kf3 f5 33. exf5 gxf5 34. Ne7+ Kh8 35. Nxf5 Rde8 36. Qb2+ Qxb2 37. Rh1+ Kg8 38. Kf4 Qe5+ 39. Kg5 Qf6+ 40. Kf4 Qd4+ 41. Kg5 Rxf5+ 42. Bxf5 Re2 43. Rh4 Qd8+ 44. Kh5 Qf6 45. Rg4+ Kf8 46. Rg5 Rh2+ 47. Kg4 Qd4+ 48. Be4 Qg1+ 49. Kf5 Qf2+ 50. Ke5 Qd4+ 51. Ke6 Rh6+ 52. Bg6 Kg7 53. Kf5 Qf6+ 0-1


[Site "https://www.chess.com"]

[Event "Titled Tuesday Blitz April 25 Early 2023"]
[White "Karas, Marek"]
[Black "Bashkansky, Ethan"]
[WhiteFideId "14928558"]
[BlackFideId "2071533"]
[WhiteElo "2233"]
[BlackElo "2305"]
[Result "1-0"]
[Round "04"]
[TimeControl "180+2"]
[Date "2023.04.25"]
[WhiteClock "0:00:12"]
[BlackClock "0:00:01"]

1. d4 f5 2. Qd3 d5 3. c4 e6 4. g4 c6 5. Bf4 Nf6 6. g5 Ne4 7. Nf3 Bb4+ 8. Nbd2 Nd7 9. h4 Qa5 10. Bg2 b6 11. O-O Ba6 12. a3 Bxd2 13. Nxd2 dxc4 14. Nxc4 Qd5 15. Rac1 O-O 16. f3 Bxc4 17. Qxc4 e5 18. dxe5 Qxc4 19. Rxc4 Nec5 20. Rd1 Rfe8 21. b4 b5 22. Rxc5 Nxc5 23. bxc5 Re7 24. Rd6 Rc8 25. Bh3 g6 26. h5 a5 27. hxg6 hxg6 28. Rxg6+ Kf7 29. Rf6+ Ke8 30. Bxf5 Rb8 31. Rh6 Rf7 32. Bg6 Ke7 33. Bxf7 Kxf7 34. Rxc6 b4 35. e6+ Ke7 36. Bxb8 bxa3 37. Be5 a2 38. Ba1 a4 39. Ra6 1-0


[Site "https://www.chess.com"]

[Event "Titled Tuesday Blitz April 25 Early 2023"]
[White "ilya2700"]
[Black "Petukhov, Dmitry"]
[BlackFideId "4142748"]
[WhiteElo "2285"]
[BlackElo "2311"]
[Result "0-1"]
[Round "04"]
[TimeControl "180+2"]
[Date "2023.04.25"]
[WhiteClock "0:00:53"]
[BlackClock "0:02:07"]

1. e4 c5 2. c4 Nc6 3. Ne2 e5 4. d3 Be7 5. Nbc3 Nf6 6. g3 Nd4 7. Bg2 d6 8. O-O h5 9. f4 h4 10. fxe5 dxe5 11. Bg5 hxg3 12. hxg3 Ng4 13. Bxe7 Qxe7 14. Nd5 Qg5 15. Nxd4 exd4 16. Rf4 Qh5 17. Nc7+ Kd8 18. Nxa8 Qh2+ 19. Kf1 Ne3+ 20. Ke2 Qxg2+ 21. Rf2 Bg4+ 22. Ke1 Rh1+ 23. Kd2 Qxf2+ 0-1


[Site "https://www.chess.com"]

[Event "Titled Tuesday Blitz April 25 Early 2023"]
[White "Romkachess"]
[Black "Albuquerque Junior,Wellington S."]
[BlackFideId "2151480"]
[WhiteElo "2482"]
[BlackElo "2109"]
[Result "1/2-1/2"]
[Round "04"]
[TimeControl "180+2"]
[Date "2023.04.25"]
[WhiteClock "0:00:11"]
[BlackClock "0:00:40"]

1. e4 c5 2. Nf3 d6 3. d4 cxd4 4. Nxd4 Nf6 5. Nc3 Nc6 6. Bg5 Bd7 7. Qd2 Rc8 8. O-O-O Nxd4 9. Qxd4 Qa5 10. Bd2 Qc5 11. Qxc5 Rxc5 12. f3 a6 13. g4 h6 14. Be3 Rc8 15. Bg2 Bc6 16. h4 e6 17. Bf4 Rd8 18. g5 Nh5 19. Bh2 Be7 20. f4 g6 21. Bf3 Ng7 22. Bg3 h5 23. Rhe1 O-O 24. Bf2 Rd7 25. Bb6 Rc8 26. Kb1 Ne8 27. b3 Bf8 28. Bd4 b5 29. a3 Bg7 30. Bxg7 Kxg7 31. Kb2 Bb7 32. Rd3 Nc7 33. Red1 Rcd8 34. Ne2 Na8 35. Ng3 Nb6 36. f5 exf5 37. exf5 Bxf3 38. Rxf3 d5 39. fxg6 fxg6 40. Rdf1 Re8 41. Rf6 Nc8 42. Rxa6 Rd6 43. Rxd6 Nxd6 44. Rf6 Ne4 45. Nxe4 Rxe4 46. Rd6 d4 47. Rd7+ Kf8 48. a4 bxa4 49. bxa4 Ke8 50. Rg7 d3 51. cxd3 Rxa4 52. Rxg6 Rxh4 53. Kc3 Kf7 54. Rh6 Kg7 55. Rd6 Rg4 56. d4 Rxg5 57. Rd7+ Kg6 58. Ra7 h4 59. Kc4 Kh5 60. Ra2 h3 61. Rh2 Kh4 62. d5 Kg3 63. Rh1 Kg2 64. Rc1 h2 65. Kc5 h1=Q 66. Rxh1 Kxh1 67. Kc6 Kg2 68. d6 Kf3 69. d7 Rg8 70. Kc7 Ke4 71. d8=Q Rxd8 72. Kxd8 1/2-1/2


[Site "https://www.chess.com"]

[Event "Titled Tuesday Blitz April 25 Early 2023"]
[White "Shaik Sumer Arsh"]
[Black "Tsyhanchuk, Stanislav"]
[WhiteFideId "45020000"]
[BlackFideId "13505130"]
[WhiteElo "2350"]
[BlackElo "2173"]
[Result "1-0"]
[Round "04"]
[TimeControl "180+2"]
[Date "2023.04.25"]
[WhiteClock "0:00:41"]
[BlackClock "0:00:10"]

1. d4 Nf6 2. c4 e6 3. Nc3 Bb4 4. e3 b6 5. f3 O-O 6. e4 d5 7. e5 Nfd7 8. cxd5 exd5 9. f4 c5 10. a3 Bxc3+ 11. bxc3 cxd4 12. cxd4 f6 13. Nf3 fxe5 14. fxe5 Rxf3 15. Qxf3 Qh4+ 16. Qf2 Qe4+ 17. Qe3 Qh4+ 18. g3 Qe7 19. Bg2 Bb7 20. O-O Na6 21. Bd2 Nf8 22. Qb3 Nc7 23. Rac1 Nfe6 24. Bb4 Qd7 25. Qe3 Ba6 26. Rf2 Bc4 27. Bf1 b5 28. Bxc4 dxc4 29. Rcf1 Nd5 30. Qf3 h6 31. Bd6 Nb6 32. d5 Ng5 33. Qg2 c3 34. Rf8+ Rxf8 35. Rxf8+ Kh7 36. h4 Nh3+ 37. Kh2 c2 38. Qxc2+ g6 39. Qc7 Qxc7 40. Bxc7 Nf2 41. Rxf2 Nc4 42. d6 Nxe5 43. d7 Nxd7 44. Rf7+ Kg8 45. Rxd7 1-0


[Site "https://www.chess.com"]

[Event "Titled Tuesday Blitz April 25 Early 2023"]
[White "Arat, Ufuk Sezen"]
[Black "De Souza, Cristiano Gomes"]
[WhiteFideId "6309089"]
[BlackFideId "2151758"]
[WhiteElo "2289"]
[BlackElo "2068"]
[Result "1-0"]
[Round "04"]
[TimeControl "180+2"]
[Date "2023.04.25"]
[WhiteClock "0:01:16"]
[BlackClock "0:00:55"]

1. e4 c5 2. Nf3 d6 3. d4 cxd4 4. Nxd4 Nf6 5. Nc3 g6 6. Be3 Bg7 7. f3 O-O 8. Qd2 Nc6 9. Be2 d5 10. O-O-O dxe4 11. fxe4 Ng4 12. Bxg4 Bxg4 13. Nxc6 Qxd2+ 14. Rxd2 bxc6 15. Na4 Be6 16. b3 Rfc8 17. Nc5 a5 18. a4 Bc3 19. Rd3 Bb4 20. Nxe6 fxe6 21. e5 c5 22. c3 c4 23. bxc4 Rxc4 24. Kb2 Bc5 25. Kb3 Re4 26. Bxc5 Rxe5 27. Bxe7 Re2 28. Rd8+ Rxd8 29. Bxd8 Rxg2 30. Bxa5 e5 31. Bb6 Kf7 32. a5 Ke7 33. a6 1-0


[Site "https://www.chess.com"]

[Event "Titled Tuesday Blitz April 25 Early 2023"]
[White "Garv Gaur"]
[Black "Jiganchine, Roman"]
[WhiteFideId "45030839"]
[BlackFideId "2603667"]
[WhiteElo "2068"]
[BlackElo "2261"]
[Result "1-0"]
[Round "04"]
[TimeControl "180+2"]
[Date "2023.04.25"]
[WhiteClock "0:01:07"]
[BlackClock "0:00:05"]

1. Nf3 d5 2. e3 Nf6 3. b3 Bf5 4. Bb2 c6 5. d3 e6 6. Nbd2 h6 7. g3 Nbd7 8. Bg2 a5 9. a3 Be7 10. O-O O-O 11. Qe2 Bh7 12. Rfd1 Qb6 13. e4 Rfd8 14. Rab1 a4 15. b4 Qa6 16. c4 dxe4 17. dxe4 Nb6 18. Rbc1 c5 19. b5 Qa5 20. Bc3 Qa7 21. e5 Bd3 22. Qe3 Ng4 23. Qf4 Nxf2 24. Kxf2 g5 25. Qe3 Bxc4 26. Ne1 Nd5 27. Bxd5 Bxd5 28. Ne4 Bxe4 29. Qxe4 Qb6 30. Qc4 Rac8 31. Nc2 Qc7 32. Ne3 b6 33. Ng4 Qb7 34. Nxh6+ Kg7 35. Ng4 Rd5 36. Ne3 Rxd1 37. Rxd1 Rh8 38. Ng4 Rh7 39. Rd6 Bxd6 40. exd6+ Kf8 41. Qd3 Qh1 42. Qxh7 1-0


[Site "https://www.chess.com"]

[Event "Titled Tuesday Blitz April 25 Early 2023"]
[White "Baches Garcia, Guillermo"]
[Black "Shtivelband, Richard"]
[WhiteFideId "2209764"]
[BlackFideId "2017342"]
[WhiteElo "2470"]
[BlackElo "2258"]
[Result "1-0"]
[Round "04"]
[TimeControl "180+2"]
[Date "2023.04.25"]
[WhiteClock "0:00:16"]
[BlackClock "0:00:51"]

1. e4 c5 2. Nf3 d6 3. d4 cxd4 4. Nxd4 Nf6 5. Nc3 g6 6. Be3 Nc6 7. f3 e5 8. Nb3 Be6 9. Nd5 h5 10. Qd2 Bg7 11. O-O-O Bxd5 12. exd5 Ne7 13. c4 b6 14. Bd3 Rc8 15. Kb1 Nd7 16. g4 hxg4 17. fxg4 f5 18. gxf5 gxf5 19. Bg5 e4 20. Be2 Nc5 21. Nd4 Qd7 22. h4 Be5 23. Rhf1 Rf8 24. Bh5+ Kd8 25. Bh6 Rh8 26. Qg5 Nd3 27. Ne6+ 1-0


[Site "https://www.chess.com"]

[Event "Titled Tuesday Blitz April 25 Early 2023"]
[White "Manukian, Artak"]
[Black "Smith, Garrett L"]
[WhiteFideId "13301373"]
[BlackFideId "2024829"]
[WhiteElo "2130"]
[BlackElo "2255"]
[Result "1-0"]
[Round "04"]
[TimeControl "180+2"]
[Date "2023.04.25"]
[WhiteClock "0:00:41"]
[BlackClock "0:00:05"]

1. e4 c5 2. Nf3 Nc6 3. c3 d5 4. exd5 Qxd5 5. d4 Bf5 6. Be3 Nf6 7. c4 Qd8 8. d5 Nb4 9. Na3 e6 10. dxe6 Bxe6 11. Ng5 Qa5 12. Bd2 Rd8 13. Qb3 Be7 14. Nxe6 fxe6 15. Be2 Rxd2 16. Kxd2 O-O 17. Kc1 Ne4 18. h4 Rxf2 19. Bf3 Nd2 20. Qe3 Nf1 21. Qxe6+ Kf8 22. Be2 Nxa2+ 23. Kb1 Nc3+ 24. bxc3 Qxc3 25. Rxf1 Qb3+ 26. Kc1 Qc3+ 27. Nc2 1-0


[Site "https://www.chess.com"]

[Event "Titled Tuesday Blitz April 25 Early 2023"]
[White "Chakravarthi Reddy, M"]
[Black "Turzo, Attila"]
[WhiteFideId "25009532"]
[BlackFideId "704954"]
[WhiteElo "2201"]
[BlackElo "2467"]
[Result "0-1"]
[Round "04"]
[TimeControl "180+2"]
[Date "2023.04.25"]
[WhiteClock "0:00:07"]
[BlackClock "0:00:29"]

1. e4 c5 2. Nf3 Nc6 3. Bb5 g6 4. O-O Bg7 5. Re1 e5 6. c3 a6 7. Bxc6 dxc6 8. h3 Qd3 9. Re3 Qd6 10. Na3 b5 11. d4 cxd4 12. cxd4 c5 13. d5 Ne7 14. Rc3 O-O 15. Be3 c4 16. b4 Bd7 17. Bc5 Qf6 18. Nc2 Rfe8 19. Ne3 Nc8 20. d6 Qd8 21. Nd5 Rb8 22. Nc7 a5 23. a3 a4 24. Nxe8 Qxe8 25. Qd2 Bc6 26. Rd1 Qd7 27. Qg5 f6 28. Qe3 Bf8 29. Rc2 Qe6 30. Rcd2 Rb7 31. Ne1 Rd7 32. Nf3 Nxd6 33. Bxd6 Bxd6 34. Qb6 Bf8 35. Rxd7 Bxd7 36. Qd8 Bc6 37. Nh2 h5 38. g4 Qe7 39. Qc8 Bb7 40. Qb8 Bxe4 41. gxh5 gxh5 42. f3 Bc2 43. Rd2 Bf5 44. Rg2+ Kh7 45. h4 c3 46. Nf1 c2 47. Rxc2 Bxc2 48. Qc8 Bd3 49. Ne3 Qa7 50. Kf2 Bh6 0-1


[Site "https://www.chess.com"]

[Event "Titled Tuesday Blitz April 25 Early 2023"]
[White "Grossboss19"]
[Black "Staudenhocker43"]
[WhiteElo "2251"]
[BlackElo "2466"]
[Result "0-1"]
[Round "04"]
[TimeControl "180+2"]
[Date "2023.04.25"]
[WhiteClock "0:00:12"]
[BlackClock "0:00:27"]

1. e4 c6 2. Nf3 d5 3. Nc3 dxe4 4. Nxe4 Nf6 5. Qe2 Nxe4 6. Qxe4 Nd7 7. Bc4 Nf6 8. Qe2 Bf5 9. d3 e6 10. O-O Be7 11. a4 O-O 12. h3 h6 13. Bf4 a5 14. Rad1 Bd6 15. Bxd6 Qxd6 16. c3 Rad8 17. d4 Bh7 18. Rfe1 Rfe8 19. Ne5 Nd7 20. f4 Nb6 21. Bb3 Nd5 22. Qf2 f6 23. Nc4 Qc7 24. g3 Kh8 25. Re2 Re7 26. Ne3 Rde8 27. Rde1 Be4 28. Nf1 Bf5 29. g4 Bd3 30. Rd2 Nxf4 31. Qh2 Bxf1 32. Kxf1 e5 33. dxe5 Rxe5 34. Rxe5 Qxe5 35. Qg3 Qe4 36. Rd1 Qh1+ 37. Qg1 Qxh3+ 0-1


[Site "https://www.chess.com"]